 Dungeon Crawl Stone Soup version 0.31.0-12-g77e489cdc1 (webtiles) character file.

Game seed: 11675148103827038198

55 spaghetti the Shooter (level 3, 0/21 HPs)
             Began as a Tengu Hunter on Feb 23, 2024.
             Slain by a gnoll
             ... wielding a +0 whip
              (4 damage)
             ... on level 2 of the Dungeon.
             The game lasted 00:00:50 (682 turns).

spaghetti the Shooter (Tengu Hunter)                 Turns: 682, Time: 00:00:50

Health: 0/21       AC:  3    Str: 11    XL:     3   Next: 93%
Magic:  4/4        EV: 12    Int:  9    God:
Gold:   74         SH:  0    Dex: 19    Spells: 2/2 levels left

rFire   . . .        a - +0 shortbow
rCold   . . .        (shield currently unavailable)
rNeg    . . .        c - +0 leather armour
rPois   .            (helmet restricted)
rElec   .            (no cloak)
rCorr   .            (no gloves)
SInv    .            (boots unavailable)
Will    .....        (no amulet)
Stlth   ++           (no ring)
HPRegen 0.23/turn    (no ring)
MPRegen 0.09/turn

%: acrobat
@: hasted, very quick
A: beak, talons 3, acrobatic
a: no special abilities


You were on level 2 of the Dungeon.
You visited 1 branch of the dungeon, and saw 2 of its levels.

You collected 74 gold pieces.

Inventory:

Hand Weapons
 a - a +0 shortbow (weapon)
Armour
 c - a +0 leather armour (worn)
Scrolls
 b - a scroll of butterflies


   Skills:
 - Level 2.0 Fighting
 + Level 6.0 Ranged Weapons
 - Level 2.1 Dodging
 - Level 1.0 Stealth


You had 2 spell levels left.
You didn't know any spells.
Your spell library was empty.

Dungeon Overview and Level Annotations

Branches:
Dungeon (2/15)

Altars:


Innate Abilities, Weirdness & Mutations

You have a beak for a mouth.
You have claws for feet.
You can magically evade attacks while moving or waiting.


Message History

You are too injured to fight recklessly!
You are too injured to fight recklessly!
You are too injured to fight recklessly!
You are too injured to fight recklessly!
You are too injured to fight recklessly!
You are too injured to fight recklessly!
You are too injured to fight recklessly!
You are too injured to fight recklessly!
You are too injured to fight recklessly!
You are too injured to fight recklessly!
You are too injured to fight recklessly!
You are too injured to fight recklessly!
You are too injured to fight recklessly!
You are too injured to fight recklessly!
You are too injured to fight recklessly!
You are too injured to fight recklessly!
You shoot an arrow.
The arrow hits the gnoll but does no damage.
The gnoll is moderately wounded.
The gnoll hits you with a +0 whip.
You shoot an arrow. The arrow hits the gnoll.
The gnoll is severely wounded.
The gnoll hits you with a +0 whip.
You shoot an arrow. The arrow hits the gnoll.
The gnoll is almost dead.
The gnoll hits you with a +0 whip.
* * * LOW HITPOINT WARNING * * *
You shoot an arrow.
The arrow hits the gnoll but does no damage.
The gnoll is almost dead.
The gnoll closely misses you.
You shoot an arrow. The arrow hits the gnoll.
The gnoll is almost dead.
The gnoll closely misses you.
Unknown command.
Found a white potion.
The gnoll attacks as it pursues you! The gnoll barely misses you.
It was a potion of haste.
You feel yourself speed up. The gnoll hits you with a +0 whip.
You die...

#.... .... .....
...#.# †#### ####.##
### . ..... ..#
#...# #.# #..)# #.#
# #..)###.#######
#.##...?.g........ #
#.......##@.......
...###..#.##!.......
........#.##........
.###.<..###.......
###..# .......
#............
#.########### #.#
#.#


You could see a gnoll.

Vanquished Creatures
  3 gnolls (D:2)
  4 ball pythons (D:1)
  4 endoplasms
  5 goblins
  A hobgoblin (D:1)
  A kobold (D:1)
  3 bats
  4 frilled lizards (D:1)
  2 rats (D:1)
27 creatures vanquished.

Notes
Turn   | Place    | Note
-------+----------+-------------------------------------------
     0 | D:1      | spaghetti the Tengu Hunter began the quest for the Orb.
     0 | D:1      | Reached XP level 1. HP: 12/12 MP: 2/2
    79 | D:1      | Reached XP level 2. HP: 17/17 MP: 3/3
   247 | D:1      | Reached skill level 5 in Ranged Weapons
   575 | D:2      | Reached XP level 3. HP: 21/21 MP: 4/4
   674 | D:2      | Reached skill level 6 in Ranged Weapons
   682 | D:2      | Slain by a gnoll

Illustrated notes

Levels and vault maps discovered:
D:1:      dreamdust_arrival_sigmund_warning, layout_basic
D:2:      layout_loops_cross, basic_altar, chequers_serial_rivers_marsh

Skill      XL: |  1  2  3 |
---------------+----------+-----
Ranged Weapons | 5 6 |  6.0
Fighting       | |  2.0
Dodging        | |  2.1
Stealth        | |  1.0

Action                     || total
---------------------------++-------
   Fire: Shortbow          ||    58
    Use: Potion            ||     1
 Armour: Leather armour    ||    11
  Dodge: Dodged            ||    14
